 Dungeon Crawl Stone Soup version 0.25-a0-294-gea9b1ad378 (webtiles) character file.

Game seed: 17564936034818578709, levelgen mode: classic

175 Borgoz the Cudgeler (level 5, -1/32 HPs)
             Began as a Gargoyle Berserker on Dec 17, 2019.
             Was a Believer of Trog.
             Slain by a howler monkey (4 damage)
             ... on level 4 of the Dungeon.
             The game lasted 00:04:03 (3340 turns).

Borgoz the Cudgeler (Gargoyle Berserker)            Turns: 3340, Time: 00:04:04

Health: -1/32      AC: 10    Str: 21    XL:     5   Next: 55%
Magic:  5/5        EV: 12    Int:  7    God:    Trog [**....]
Gold:   112        SH:  0    Dex: 10    Spells: 4/4 levels left

rFire    . . .     SeeInvis .   p - +2 whip (flame)
rCold    . . .     Gourm    .   (no shield)
rNeg     + . .     Faith    .   b - +0 animal skin
rPois    ∞         Spirit   .   t - +1 helmet
rElec    +         Reflect  .   m - scarf {repulsion}
rCorr    .         Harm     .   k - +0 pair of gloves
MR       .....                  d - +0 pair of boots
Stlth    +.........             (no amulet)
HPRegen  0.10/turn              (no ring)
MPRegen  0.09/turn              (no ring)

@: repel missiles
A: negative energy resistance 1, electricity resistance, unbreathing,
petrification resistance, rot immunity, AC +4
a: Berserk, Trog's Hand, Renounce Religion


You were on level 4 of the Dungeon.
You worshipped Trog.
Trog was pleased with you.
You were hungry.

You visited 1 branch of the dungeon, and saw 4 of its levels.

You collected 112 gold pieces.

Inventory:

Hand Weapons
 a - a +0 mace
 p - a +2 whip of flaming (weapon)
Armour
 b - a +0 animal skin (worn)
 d - a +0 pair of boots (worn)
 k - a +0 pair of gloves (worn)
 m - a scarf of repulsion (worn)
 t - a +1 helmet (worn)
Wands
 h - a wand of flame (9)
Scrolls
 g - a scroll of remove curse {unknown}
 l - 5 scrolls of identify {unknown}
 n - a scroll of amnesia {unknown}
 o - a scroll of immolation {unknown}
 s - a scroll of enchant weapon {unknown}
Potions
 e - a potion of heal wounds {unknown}
 f - a potion of might
 i - 3 potions of ambrosia {unknown}
 q - a potion of berserk rage {unknown}
 r - a potion of degeneration {unknown}
 u - 2 potions of flight {unknown}
 v - a potion of agility {unknown}
Comestibles
 c - 11 rations


   Skills:
 - Level 3.2 Fighting
 * Level 4.8 Maces & Flails
 + Level 3.5 Armour
 + Level 2.5 Dodging


You had 4 spell levels left.
You didn't know any spells.
Your spell library was empty.

Dungeon Overview and Level Annotations

Branches:
Dungeon (4/15)
 Temple: D:4-7

Altars:
Gozag
Yredelemnul

Shops:
D:3 *


Innate Abilities, Weirdness & Mutations

You are resistant to torment.
Your stone body is resilient. (AC +4)
You are immune to poison.
You resist negative energy. (rN+)
You are resistant to electric shocks. (rElec)
You can survive without breathing.
You are immune to petrification.
You are immune to rotting.


Message History

The adder closely misses you. The howler monkey barely misses you.
You closely miss the howler monkey.
The howler monkey is severely wounded.
The adder barely misses you. The howler monkey barely misses you.
The worm bites you.
You are too injured to fight recklessly!
You are too injured to fight recklessly!
Unknown command.
There is a stone staircase leading up here.
You are too injured to fight recklessly!
You are too injured to fight recklessly!
You are too injured to fight recklessly!
You closely miss the adder. The adder bites you. The worm bites you.
* * * LOW HITPOINT WARNING * * *
The adder bites you.
* * * LOW HITPOINT WARNING * * *
You are too injured to fight recklessly!
Unknown command.
The howler monkey hits you.
You die...

....... .
......# ..
###.....# ..
.....g.## ..
....g.... #.
##........
#..#h........
#.S@.....#
#....w....###
...........##
........##.#
###...... ##
##...## ..#.
.....


You could see a worm, a howler monkey, 2 gnolls and an adder.

Vanquished Creatures
  An iguana (D:4)
  Natasha (thrice) (D:2)
  An adder (D:2)
  A worm (D:2)
  2 dart slugs (D:1)
  An orc (D:3)
  3 giant cockroaches
  8 goblins
  5 hobgoblins
  2 jackals (D:1)
  9 kobolds
  3 quokkas
  9 bats
  4 frilled lizards
  7 rats
59 creatures vanquished.

Notes
Turn   | Place    | Note
-------+----------+-------------------------------------------
     0 | D:1      | Borgoz the Gargoyle Berserker began the quest for the Orb.
     0 | D:1      | Reached XP level 1. HP: 14/14 MP: 1/1
    28 | D:1      | Reached XP level 2. HP: 5/19 MP: 2/2
   487 | D:1      | Reached XP level 3. HP: 14/23 MP: 3/3
   492 | D:1      | Reached ** piety under Trog
  1574 | D:2      | Noticed Natasha
  1587 | D:2      | Killed Natasha
  1587 | D:2      | Reached skill level 4 in Maces & Flails
  1587 | D:2      | Reached XP level 4. HP: 15/28 MP: 4/4
  1798 | D:2      | Noticed Natasha
  1812 | D:2      | Killed Natasha
  1828 | D:2      | Noticed Natasha
  1837 | D:2      | Killed Natasha
  1837 | D:2      | Reached XP level 5. HP: 22/32 MP: 5/5
  2790 | D:3      | Found a basalt altar of Yredelemnul.
  2790 | D:3      | Found an opulent altar of Gozag.
  2810 | D:3      | Found an opulent altar of Gozag.
  2815 | D:3      | Found Gozag's Platinum Reserve.
  3340 | D:4      | Slain by a howler monkey

Levels and vault maps discovered:
D:1:      minmay_arrival_open_corners, layout_basic
D:2:      layout_basic, grunt_ministairs_8, eino_tiny_chamber, uniq_natasha
D:3:      layout_basic, grunt_temple_overflow_open, first_ration,
          nicolae_gozag_zags_fifth_avenue
D:4:      minmay_goblin_kobold_castle, layout_cave_pools,
          kennysheep_vampire_church, uniq_ijyb, uniq_eustachio

Skill      XL: |  1  2  3 |
---------------+----------+-----
Dodging        | 2 |  2.5
Maces & Flails | 4 |  4.8
Armour         | 3 |  3.5
Fighting       | |  3.2

Action                   |  1- 3 |  4- 6 || total
-------------------------+-------+-------++-------
Melee: Mace              |    97 |       ||    97
       Whip              |    20 |    77 ||    97
Invok: Berserk           |     1 |     1 ||     2
  Use: Potion            |       |     1 ||     1
  Eat: Chunk             |     3 |     6 ||     9
Armor: Animal skin       |    48 |    29 ||    77
Dodge: Dodged            |   102 |    48 ||   150
       Deflected         |     1 |     3 ||     4

Table legend:
 A = Non-vault XP
 B = Vault XP
 C = Vault XP percentage of total XP
 D = Non-vault monster count
 E = Vault monster count
 F = Vault count percentage of total count
                 A         B        C        D         E       F
            +---------+---------+-------+---------+---------+-------
      Total |     214 |      36 |  14.4 |      56 |       3 |   5.1
            +---------+---------+-------+---------+---------+-------
        D:1 |      47 |       0 |   0.0 |      27 |       0 |   0.0
        D:2 |     120 |      36 |  23.1 |      22 |       3 |  12.0
        D:3 |      12 |       0 |   0.0 |       6 |       0 |   0.0
        D:4 |      35 |       0 |   0.0 |       1 |       0 |   0.0
            +---------+---------+-------+---------+---------+-------
